2815 views
Uploaded 2020-02-01 23:14:29
Game version 1.32 / 1.32.1
1:41 long 4on4 ladder game on (8)BanewoodBog_LV
Saved by BEARAND
2815 views
Uploaded 2020-02-01 23:14:29
Game version 1.32 / 1.32.1
1:41 long 4on4 ladder game on (8)BanewoodBog_LV


/ 0k
16 buildings @ 2.4k
/ 0.5k
| Peon | 8 | 600 | / | 0 |
| total: | 8 | 600g | / | 0w |
| Altar of Storms | 1 | 180 | / | 50 |
| Orc Burrow | 1 | 160 | / | 40 |
| War Mill | 1 | 205 | / | 0 |
| Voodoo Lounge | 1 | 130 | / | 30 |
| total: | 4 | 675g | / | 120w |
| 0:03 | Peon |
| 0:03 | Peon |
| 0:05 | Altar of Storms |
| 0:21 | Orc Burrow |
| 0:27 | Peon |
| 0:42 | Peon |
| 0:59 | Peon |
| 0:59 | Peon |
| 1:03 | War Mill |
| 1:24 | Voodoo Lounge |
| 1:29 | Peon |
| 1:29 | Peon |
| Select group | 111 |
| Right click | 48 |
| Select | 19 |
| Build/train/purchase | 10 |
| Assign group | 2 |
| Esc | 1 |
| Peasant | 7 | 525 | / | 0 |
| total: | 7 | 525g | / | 0w |
| Scout Tower | 1 | 30 | / | 20 |
| Altar of Kings | 1 | 180 | / | 50 |
| Farm | 2 | 160 | / | 40 |
| Lumber Mill | 1 | 120 | / | 0 |
| total: | 5 | 490g | / | 110w |
| 0:02 | Peasant |
| 0:02 | Peasant |
| 0:07 | Peasant |
| 0:07 | Peasant |
| 0:17 | Altar of Kings |
| 0:33 | Farm |
| 0:45 | Peasant |
| 0:47 | Farm |
| 0:49 | Peasant |
| 1:02 | Peasant |
| 1:28 | Lumber Mill |
| 1:37 | Scout Tower |
| Right click | 77 |
| Select | 29 |
| Build/train/purchase | 8 |
| Assign group | 3 |
| Select group | 1 |
| Minimap ping | 1 |
| Peon | 8 | 600 | / | 0 |
| total: | 8 | 600g | / | 0w |
| Altar of Storms | 1 | 180 | / | 50 |
| Orc Burrow | 1 | 160 | / | 40 |
| War Mill | 1 | 205 | / | 0 |
| Voodoo Lounge | 1 | 130 | / | 30 |
| total: | 4 | 675g | / | 120w |
| 0:02 | Peon |
| 0:02 | Peon |
| 0:04 | Altar of Storms |
| 0:18 | Orc Burrow |
| 0:25 | Peon |
| 0:45 | Peon |
| 0:48 | War Mill |
| 0:52 | Peon |
| 1:11 | Voodoo Lounge |
| 1:21 | Peon |
| 1:22 | Peon |
| 1:38 | Peon |
| Right click | 71 |
| Select | 18 |
| Build/train/purchase | 9 |
| Wisp | 7 | 420 | / | 0 |
| total: | 7 | 420g | / | 0w |
| Altar of Elders | 1 | 180 | / | 50 |
| Moon Well | 2 | 360 | / | 80 |
| total: | 3 | 540g | / | 130w |
| 0:04 | Wisp |
| 0:04 | Wisp |
| 0:08 | Altar of Elders |
| 0:13 | Moon Well |
| 0:18 | Wisp |
| 0:19 | Wisp |
| 0:44 | Wisp |
| 0:57 | Wisp |
| 1:13 | Wisp |
| 1:36 | Moon Well |
| Right click | 34 |
| Select group | 20 |
| Select | 17 |
| Assign group | 10 |
| Build/train/purchase | 8 |
| Resource trade | 8 |
| Use ability | 2 |
/ 0k
17 buildings @ 2.8k
/ 0.7k
| Acolyte | 2 | 150 | / | 0 |
| Ghoul | 1 | 120 | / | 0 |
| total: | 3 | 270g | / | 0w |
| Crypt | 1 | 200 | / | 50 |
| Graveyard | 1 | 215 | / | 0 |
| Altar of Darkness | 1 | 180 | / | 50 |
| Ziggurat | 1 | 150 | / | 50 |
| Tomb of Relics | 1 | 130 | / | 30 |
| total: | 5 | 875g | / | 180w |
| 0:03 | Acolyte |
| 0:03 | Acolyte |
| 0:11 | Crypt |
| 0:23 | Graveyard |
| 0:44 | Altar of Darkness |
| 1:05 | Ziggurat |
| 1:13 | Ghoul |
| 1:24 | Tomb of Relics |
| Right click | 37 |
| Select | 30 |
| Assign group | 4 |
| Build/train/purchase | 3 |
| Select group | 3 |
| Acolyte | 2 | 150 | / | 0 |
| Ghoul | 2 | 240 | / | 0 |
| total: | 4 | 390g | / | 0w |
| Altar of Darkness | 1 | 180 | / | 50 |
| Ziggurat | 1 | 150 | / | 50 |
| Crypt | 1 | 200 | / | 50 |
| Graveyard | 1 | 215 | / | 0 |
| total: | 4 | 745g | / | 150w |
| 0:09 | Altar of Darkness |
| 0:19 | Ziggurat |
| 0:24 | Crypt |
| 0:33 | Acolyte |
| 0:50 | Acolyte |
| 1:32 | Graveyard |
| 1:36 | Ghoul |
| 1:37 | Ghoul |
| Select | 10 |
| Right click | 9 |
| Build/train/purchase | 5 |
| Peasant | 9 | 675 | / | 0 |
| total: | 9 | 675g | / | 0w |
| Altar of Kings | 1 | 180 | / | 50 |
| Blacksmith | 1 | 140 | / | 60 |
| Farm | 2 | 160 | / | 40 |
| Barracks | 1 | 160 | / | 60 |
| total: | 5 | 640g | / | 210w |
| 0:02 | Peasant |
| 0:02 | Peasant |
| 0:02 | Peasant |
| 0:03 | Peasant |
| 0:03 | Peasant |
| 0:50 | Altar of Kings |
| 1:00 | Blacksmith |
| 1:05 | Farm |
| 1:11 | Peasant |
| 1:19 | Barracks |
| 1:20 | Farm |
| 1:35 | Peasant |
| 1:35 | Peasant |
| 1:36 | Peasant |
| Right click | 31 |
| Select | 19 |
| Build/train/purchase | 9 |
| Assign group | 4 |
| Peon | 3 | 225 | / | 0 |
| total: | 3 | 225g | / | 0w |
| Orc Burrow | 1 | 160 | / | 40 |
| Altar of Storms | 1 | 180 | / | 50 |
| Barracks | 1 | 180 | / | 50 |
| total: | 3 | 520g | / | 140w |
| 0:24 | Peon |
| 0:24 | Peon |
| 0:25 | Peon |
| 0:37 | Orc Burrow |
| 0:59 | Altar of Storms |
| 1:16 | Barracks |
| Select | 12 |
| Right click | 5 |
| Build/train/purchase | 4 |
⇛